TOP OF THE 1ST |
Stockton Ports batting - Pitching for Stockton Mariners : RHP Gregorio Soto
|
Pitching: RHP Gregorio Soto
|
|
Batting: RHB Eddie Lee
|
0-0: Foul Ball, location: 2F 0-1: Ball 1-1: Ball 2-1: Fly out, F7 (Flyball, 7D, EV 98.1 MPH)
|
Batting: LHB Daniel Hoskins
|
0-0: Called Strike 0-1: Called Strike 0-2: Ball 1-2: Strikes out looking
|
Batting: RHB Pasquale Raimondo
|
0-0: Ball 1-0: Ground out 5-3 (Groundball, 56, EV 103.1 MPH)
|
Top of the 1st over - 0 runs, 0 hits, 0 errors, 0 left on base; Stockton 0 - Stockton 0 |
BOTTOM OF THE 1ST |
Stockton Mariners batting - Pitching for Stockton Ports : RHP Bryn Smith
|
Pitching: RHP Bryn Smith
|
|
Batting: LHB Harold Perkins
|
0-0: Ball 1-0: Swinging Strike 1-1: Bunt missed! 1-2: Foul Ball, location: 2F 1-2: Foul Ball, location: 2F 1-2: Foul Ball, location: 2F 1-2: SINGLE (Line Drive, 56D, EV 105.0 MPH)
|
Batting: LHB Ricky Nelson
|
0-0: Ball Harold Perkins steals 2nd base 1-0: Ball 2-0: Fly out, F9 (Flyball, 9S, EV 83.1 MPH)
|
Batting: LHB Marvin Ward
|
0-0: Called Strike 0-1: DOUBLE (Line Drive, 89D, EV 101.9 MPH) Harold Perkins scores
|
Batting: LHB David Cawthon
|
0-0: Ball 1-0: Fly out, F7 (Flyball, 7LM, EV 91.3 MPH)
|
Batting: LHB Joe Perna
|
0-0: Called Strike 0-1: Ball 1-1: Ball 2-1: Foul Ball, location: 2F 2-2: Fly out, F9 (Line Drive, 9, EV 107.5 MPH)
|
Bottom of the 1st over - 1 run, 2 hits, 0 errors, 1 left on base; Stockton 0 - Stockton 1 |
TOP OF THE 2ND |
Stockton Ports batting - Pitching for Stockton Mariners : RHP Gregorio Soto
|
Batting: SHB Tracy Edwards
|
0-0: Ball 1-0: Called Strike 1-1: Swinging Strike 1-2: Fly out, F8 (Flyball, 8LM, EV 90.0 MPH)
|
Batting: RHB Johnny Salery
|
0-0: Ball 1-0: Ball 2-0: Foul Ball, location: 2F 2-1: Ball 3-1: Foul Ball, location: 2F 3-2: SINGLE (Groundball, 56S, EV 67.5 MPH) (infield hit)
|
Batting: SHB Jose Mercado
|
0-0: Ball 1-0: Called Strike 1-1: Ball 2-1: Foul Ball, location: 2F 2-2: Ball 3-2: Strikes out looking
|
Batting: LHB Mike Ashman
|
0-0: Ball 1-0: Foul Ball, location: 2F 1-1: Ball 2-1: Fly out, F9 (Flyball, 89S, EV 85.0 MPH)
|
Top of the 2nd over - 0 runs, 1 hit, 0 errors, 1 left on base; Stockton 0 - Stockton 1 |
BOTTOM OF THE 2ND |
Stockton Mariners batting - Pitching for Stockton Ports : RHP Bryn Smith
|
Batting: SHB Eddie Tanner
|
0-0: SINGLE (Groundball, 4MD, EV 100.6 MPH)
|
Batting: RHB Orlando Mercado
|
0-0: Ball 1-0: Grounds into double play, 6-4-3 (Groundball, 6, EV 85.6 MPH)
|
Batting: LHB Victor Gavidia
|
0-0: Ball 1-0: Foul Ball, location: 2F 1-1: Ground out 3-1 (Groundball, 34, EV 98.8 MPH)
|
Bottom of the 2nd over - 0 runs, 1 hit, 0 errors, 0 left on base; Stockton 0 - Stockton 1 |
TOP OF THE 3RD |
Stockton Ports batting - Pitching for Stockton Mariners : RHP Gregorio Soto
|
Batting: RHB Timothy Presko
|
0-0: Ground out 4-3 (Groundball, 4, EV 101.3 MPH)
|
Batting: RHB Steven Roeder
|
0-0: Called Strike 0-1: Ball 1-1: Ball 2-1: Called Strike 2-2: Ball 3-2: Foul Ball, location: 2F 3-2: Foul Ball, location: 2F 3-2: Foul Ball, location: 2F 3-2: Fly out, F9 (Flyball, 9LM, EV 83.8 MPH)
|
Batting: RHB Eddie Lee
|
0-0: Ball 1-0: Called Strike 1-1: Called Strike 1-2: Ball 2-2: Ground out U3 (Groundball, 23, EV 81.9 MPH)
|
Top of the 3rd over - 0 runs, 0 hits, 0 errors, 0 left on base; Stockton 0 - Stockton 1 |
BOTTOM OF THE 3RD |
Stockton Mariners batting - Pitching for Stockton Ports : RHP Bryn Smith
|
Batting: RHB Brian Greer
|
0-0: Ball 1-0: Ball 2-0: Called Strike 2-1: Called Strike 2-2: Strikes out swinging
|
Batting: LHB Harold Perkins
|
0-0: Called Strike 0-1: Called Strike 0-2: Ball 1-2: Foul Ball, location: 2F 1-2: SINGLE (Line Drive, 8RS, EV 93.8 MPH)
|
Batting: LHB Ricky Nelson
|
0-0: Ball 1-0: Foul Ball, location: 2F 1-1: SINGLE (Groundball, 13S, EV 66.9 MPH) (infield hit) Harold Perkins to second
|
Batting: LHB Marvin Ward
|
0-0: Ball 1-0: Ball 2-0: Fielders Choice at 2nd, 3-6 (Groundball, 34, EV 85.6 MPH) Harold Perkins to third
|
Batting: LHB David Cawthon
|
0-0: Foul Ball, location: 2F 0-1: Called Strike 0-2: Ball 1-2: Foul Ball, location: 2F 1-2: Fielders Choice at 2nd, U6 (Groundball, 6M, EV 85.6 MPH)
|
Bottom of the 3rd over - 0 runs, 2 hits, 0 errors, 2 left on base; Stockton 0 - Stockton 1 |
TOP OF THE 4TH |
Stockton Ports batting - Pitching for Stockton Mariners : RHP Gregorio Soto
|
Batting: LHB Daniel Hoskins
|
0-0: Ground out 1-3 (Groundball, 13S, EV 66.3 MPH)
|
Batting: RHB Pasquale Raimondo
|
0-0: Swinging Strike 0-1: Foul Ball, location: 2F 0-2: Ground out 6-3 (Groundball, 6MS, EV 93.1 MPH)
|
Batting: SHB Tracy Edwards
|
0-0: Ball 1-0: Called Strike 1-1: Swinging Strike 1-2: Strikes out swinging
|
Top of the 4th over - 0 runs, 0 hits, 0 errors, 0 left on base; Stockton 0 - Stockton 1 |
BOTTOM OF THE 4TH |
Stockton Mariners batting - Pitching for Stockton Ports : RHP Bryn Smith
|
Batting: LHB Joe Perna
|
0-0: Ball 1-0: Ball 2-0: DOUBLE (Line Drive, 89XD, EV 100.0 MPH)
|
Batting: SHB Eddie Tanner
|
0-0: Ball 1-0: Ground out 4-3 (Groundball, 4, EV 86.9 MPH) Joe Perna to third
|
Batting: RHB Orlando Mercado
|
0-0: Fly out, F8 (Flyball, 8LM, EV 96.9 MPH) Runner from 3rd tags up, SCORES, throw by CF
|
Batting: LHB Victor Gavidia
|
0-0: Called Strike 0-1: Fly out, F9 (Flyball, 9, EV 95.6 MPH)
|
Bottom of the 4th over - 1 run, 1 hit, 0 errors, 0 left on base; Stockton 0 - Stockton 2 |
TOP OF THE 5TH |
Stockton Ports batting - Pitching for Stockton Mariners : RHP Gregorio Soto
|
Batting: RHB Johnny Salery
|
0-0: Called Strike 0-1: Ball 1-1: Ball 2-1: DOUBLE (Line Drive, 7LM, EV 90.0 MPH)
|
Batting: SHB Jose Mercado
|
0-0: Ball 1-0: Swinging Strike 1-1: Ball 2-1: Swinging Strike 2-2: Ground out 4-3 (Groundball, 4M, EV 80.6 MPH) Johnny Salery to third
|
Batting: LHB Mike Ashman
|
0-0: Called Strike 0-1: Foul Ball, location: 2F 0-2: Foul Ball, location: 2F 0-2: Foul Ball, location: 2F 0-2: Foul Ball, location: 2F 0-2: Foul Ball, location: 2F 0-2: Strikes out looking
|
Batting: RHB Timothy Presko
|
0-0: Ball 1-0: Fly out, F3 (Popup, 3F, EV 68.1 MPH)
|
Top of the 5th over - 0 runs, 1 hit, 0 errors, 1 left on base; Stockton 0 - Stockton 2 |
BOTTOM OF THE 5TH |
Stockton Mariners batting - Pitching for Stockton Ports : RHP Bryn Smith
|
Batting: RHB Brian Greer
|
0-0: Ball 1-0: Ground out 4-3 (Groundball, 4, EV 89.4 MPH)
|
Batting: LHB Harold Perkins
|
0-0: Ball 1-0: Swinging Strike 1-1: Called Strike 1-2: Foul Ball, location: 2F 1-2: Ball 2-2: Ground out U3 (Groundball, 3L, EV 108.1 MPH)
|
Batting: LHB Ricky Nelson
|
0-0: Ground out 6-3 (Groundball, 6, EV 75.6 MPH)
|
Bottom of the 5th over - 0 runs, 0 hits, 0 errors, 0 left on base; Stockton 0 - Stockton 2 |
TOP OF THE 6TH |
Stockton Ports batting - Pitching for Stockton Mariners : RHP Gregorio Soto
|
Batting: RHB Steven Roeder
|
0-0: Ball 1-0: Ball 2-0: Foul Ball, location: 2F 2-1: Fly out, F8 (Flyball, 8LS, EV 88.1 MPH)
|
Batting: RHB Eddie Lee
|
0-0: Swinging Strike 0-1: Fly out, F7 (Flyball, 78D, EV 101.9 MPH)
|
Batting: LHB Daniel Hoskins
|
0-0: Swinging Strike 0-1: Ground out U3 (Groundball, 3, EV 81.3 MPH)
|
Top of the 6th over - 0 runs, 0 hits, 0 errors, 0 left on base; Stockton 0 - Stockton 2 |
BOTTOM OF THE 6TH |
Stockton Mariners batting - Pitching for Stockton Ports : RHP Bryn Smith
|
Batting: LHB Marvin Ward
|
0-0: Ball 1-0: Ball 2-0: Ground out 4-3 (Groundball, 34, EV 108.8 MPH)
|
Batting: LHB David Cawthon
|
0-0: Ball 1-0: Ball 2-0: Ball 3-0: Called Strike 3-1: SINGLE (Line Drive, 8LS, EV 100.6 MPH)
|
Batting: LHB Joe Perna
|
0-0: Ball 1-0: Ball 2-0: Ball 3-0: Called Strike 3-1: Base on Balls David Cawthon to second
|
Batting: SHB Eddie Tanner
|
0-0: Ball 1-0: Foul Ball, location: 2F 1-1: Called Strike 1-2: Ball 2-2: Ball 3-2: Fielders Choice at 2nd, 3-6 (Groundball, 34, EV 88.1 MPH) David Cawthon to third
|
Batting: RHB Orlando Mercado
|
0-0: Called Strike 0-1: Swinging Strike 0-2: Fielders Choice at 2nd, 6-4 (Groundball, 6, EV 92.5 MPH)
|
Bottom of the 6th over - 0 runs, 1 hit, 0 errors, 2 left on base; Stockton 0 - Stockton 2 |
TOP OF THE 7TH |
Stockton Ports batting - Pitching for Stockton Mariners : RHP Gregorio Soto
|
Batting: RHB Pasquale Raimondo
|
0-0: SINGLE (Groundball, 6MD, EV 105.6 MPH)
|
Batting: SHB Tracy Edwards
|
0-0: Ball 1-0: Called Strike 1-1: Swinging Strike 1-2: Fly out, F7 (Flyball, 7S, EV 82.5 MPH)
|
Batting: RHB Johnny Salery
|
0-0: Foul Ball, location: 2F 0-1: Foul Ball, location: 2F 0-2: Fly out, F9 (Flyball, 9, EV 82.5 MPH)
|
Batting: SHB Jose Mercado
|
0-0: Ball 1-0: Foul Ball, location: 2F 1-1: Ball 2-1: Ball 3-1: Base on Balls Pasquale Raimondo to second
|
Batting: LHB Mike Ashman
|
0-0: Foul Ball, location: 2F 0-1: Swinging Strike 0-2: Ball 1-2: Ground out 2-3 (Groundball, 15S, EV 65.6 MPH)
|
Top of the 7th over - 0 runs, 1 hit, 0 errors, 2 left on base; Stockton 0 - Stockton 2 |
BOTTOM OF THE 7TH |
Stockton Mariners batting - Pitching for Stockton Ports : RHP Bryn Smith
|
Batting: LHB Victor Gavidia
|
0-0: Called Strike 0-1: Swinging Strike 0-2: Strikes out looking
|
Batting: RHB Brian Greer
|
0-0: Ball 1-0: Ball 2-0: Ground out 6-3 (Groundball, 6, EV 81.9 MPH)
|
Batting: LHB Harold Perkins
|
0-0: Ball 1-0: Foul Ball, location: 2F 1-1: Ground out 6-3 (Groundball, 6, EV 78.1 MPH)
|
Bottom of the 7th over - 0 runs, 0 hits, 0 errors, 0 left on base; Stockton 0 - Stockton 2 |
TOP OF THE 8TH |
Stockton Ports batting - Pitching for Stockton Mariners : RHP Gregorio Soto
|
Batting: RHB Timothy Presko
|
0-0: Ball 1-0: Ball 2-0: Ground out 6-3 (Groundball, 56, EV 83.1 MPH)
|
Batting: RHB Steven Roeder
|
0-0: Swinging Strike 0-1: Ball 1-1: Swinging Strike 1-2: Ball 2-2: Strikes out swinging
|
Batting: RHB Eddie Lee
|
0-0: Foul Ball, location: 2F 0-1: Ground out 5-3 (Groundball, 5S, EV 68.8 MPH)
|
Top of the 8th over - 0 runs, 0 hits, 0 errors, 0 left on base; Stockton 0 - Stockton 2 |
BOTTOM OF THE 8TH |
Stockton Mariners batting - Pitching for Stockton Ports : RHP Bryn Smith
|
Batting: LHB Ricky Nelson
|
0-0: Ball 1-0: Ball 2-0: Ball 3-0: Base on Balls
|
Batting: LHB Marvin Ward
|
0-0: Ball 1-0: Foul Ball, location: 2F 1-1: Called Strike 1-2: Ball 2-2: Ball 3-2: Strikes out swinging Ricky Nelson is caught stealing 2nd base 2-6 Batter strikes out.
|
Batting: LHB David Cawthon
|
0-0: Ball 1-0: Fly out, F9 (Flyball, 89D, EV 93.8 MPH)
|
Bottom of the 8th over - 0 runs, 0 hits, 0 errors, 0 left on base; Stockton 0 - Stockton 2 |
TOP OF THE 9TH |
Stockton Ports batting - Pitching for Stockton Mariners : RHP Gregorio Soto
|
Now at 1B: Duane Evans
|
|
Now at 2B: Paul Plinski
|
|
Batting: LHB Daniel Hoskins
|
0-0: Called Strike 0-1: Ground out 6-3 (Groundball, 6, EV 82.5 MPH)
|
Batting: RHB Pasquale Raimondo
|
0-0: Called Strike 0-1: Ball 1-1: Ball 2-1: SINGLE (Groundball, 56S, EV 66.3 MPH) (infield hit)
|
Batting: SHB Tracy Edwards
|
0-0: Foul Ball, location: 2F 0-1: Ball 1-1: Foul Ball, location: 2F 1-2: Ball 2-2: Fly out, F8 (Flyball, 8LS, EV 76.9 MPH)
|
Batting: RHB Johnny Salery
|
0-0: Ball 1-0: Ball 2-0: Ball 3-0: Called Strike 3-1: Foul Ball, location: 2F 3-2: Strikes out swinging
|
Top of the 9th over - 0 runs, 1 hit, 0 errors, 1 left on base; Stockton 0 - Stockton 2 |
|